 Dungeon Crawl Stone Soup version 0.23.1 (webtiles) character file.

Game seed: 15155090955482031335

85 COOLMAO the Ruffian (level 4, 0/44 HPs)
             Began as a Troll Berserker on Mar 18, 2019.
             Was a Believer of Trog.
             Slain by an adder (4 damage)
             ... on level 2 of the Dungeon.
             The game lasted 00:08:10 (990 turns).

COOLMAO the Ruffian (Troll Berserker)                Turns: 990, Time: 00:08:11

Health: 0/44       AC:  7    Str: 26    XL:     4   Next: 25%
Magic:  3/3        EV: 10    Int:  3    God:    Trog [**....]
Gold:   32         SH:  0    Dex:  9    Spells: 3/3 levels left

rFire    . . .     SeeInvis .   l - +0 trident
rCold    . . .     Gourm    +   (no shield)
rNeg     . . .     Faith    .   a - +0 animal skin
rPois    .         Spirit   .   (helmet restricted)
rElec    .         Reflect  .   e - +0 cloak
rCorr    .         Harm     .   (gloves unavailable)
MR       .....                  (boots unavailable)
Stlth    +.........             d - amulet of inaccuracy (curse)
HPRegen  0.54/turn              (no ring)
MPRegen  0.08/turn              (no ring)

@: lethally poisoned (0 -> -1)
A: large, unfitting armour, claws 3, fast metabolism 3, gourmand, regeneration
1, shaggy fur 1, tough skin 3
a: Berserk, Trog's Hand, Renounce Religion


You were on level 2 of the Dungeon.
You worshipped Trog.
Trog was pleased with you.
You were not hungry.

You visited 1 branch of the dungeon, and saw 2 of its levels.

You collected 32 gold pieces.

Inventory:

Hand Weapons
 c - a +0 whip
 l - a +0 trident (weapon)
Armour
 a - a +0 animal skin (worn)
 e - a +0 cloak (worn)
Jewellery
 d - a cursed amulet of inaccuracy (around neck)
 f - an uncursed ring of protection from fire {unknown}
Scrolls
 j - a scroll of fog {unknown}
Potions
 g - a potion of haste {unknown}
 h - a potion of agility {unknown}
 i - a potion of flight {unknown}
 k - a potion of cancellation {unknown}
Comestibles
 b - a ration


   Skills:
 + Level 2.7 Fighting
 + Level 3.2 Dodging
 + Level 4.0 Unarmed Combat


You had 3 spell levels left.
You didn't know any spells.
Your spell library was empty.

Dungeon Overview and Level Annotations

Branches:
Dungeon (2/15)

Altars:


Innate Abilities, Weirdness & Mutations

You are too large for most types of armour.
You have claws for hands.
Your metabolism is lightning-fast.
You like to eat raw meat.
Your natural rate of healing is unusually fast.
You are covered in fur. (AC +1)
You have extremely tough skin. (AC +3)


Message History

You miss the adder. The adder bites you but does no damage.
The adder closely misses you.
You closely miss the adder.
You feel sick. The adder bites you but does no damage.
The adder barely misses you.
You miss the adder. The adder bites you but does no damage.
You puncture the adder!
The adder is severely wounded.
The adder bites you but does no damage. The adder completely misses you.
You closely miss the adder.
The adder is severely wounded.
You feel sick. The adder bites you.
* * * LOW HITPOINT WARNING * * *
The adder bites you but does no damage.
You miss the adder.
The adder is severely wounded.
The adder completely misses you.
You miss the adder.
The adder is severely wounded.
The adder closely misses you. The adder bites you.
You die...

........ #....# #.# #....# ..
#>...### ####.##### #.......
#........#############
#....###
....................# #....#
...... ##.......# #....#
#.)#####S@####### #....#
####.........# #....#
#..........#.##########.#####
.....#####...#..........#†#
#. ?... #.#.(.[#######.#)# #.
... #.(###.)### #...## #. ..
#..# ##[).# ###..###. . #..#
###.# ####...... #..#
#.###.........


You could see an adder.

Vanquished Creatures
  Terence (D:2)
  Robin (D:2)
  3 leopard geckos
  15 goblins
  4 hobgoblins
  2 jackals (D:1)
  2 kobolds
  5 bats
  5 frilled lizards (D:1)
  2 rats (D:1)
40 creatures vanquished.

Notes
Turn   | Place    | Note
-------+----------+-------------------------------------------
     0 | D:1      | COOLMAO the Troll Berserker began the quest for the Orb.
     0 | D:1      | Reached XP level 1. HP: 22/22 MP: 0/0
   151 | D:1      | Reached XP level 2. HP: 29/29 MP: 1/1
   814 | D:2      | Noticed Terence
   821 | D:2      | Reached XP level 3. HP: 35/36 MP: 2/2
   844 | D:2      | Killed Terence
   854 | D:2      | Reached ** piety under Trog
   890 | D:2      | Noticed Robin
   905 | D:2      | Reached skill level 4 in Unarmed Combat
   905 | D:2      | Reached XP level 4. HP: 26/44 MP: 3/3
   919 | D:2      | Killed Robin
   990 | D:2      | Slain by an adder

Skill      XL: |  1  2  3 |
---------------+----------+-----
Dodging        | 3 |  3.2
Unarmed Combat | 4 |  4.0
Fighting       | |  2.7

Action                   |  1- 3 |  4- 6 || total
-------------------------+-------+-------++-------
Melee: Unarmed           |   210 |    10 ||   220
       Trident           |       |    33 ||    33
  Eat: Ration            |     2 |       ||     2
Armor: Animal skin       |   100 |    47 ||   147
Dodge: Dodged            |   129 |    49 ||   178
